cohdb
Replays
Latest Replays
All Replays
Popular Replays
Top Player Replays
Match Explorer
How It Works
Community
CoH3 Stats
Reddit
Sign in to upload your games and track your stats! →
Sign in with Steam
Match 40483547
Unlisted
Match 40483547
Overview
Messages
Build Orders
End
Selects Italian Combined Arms Battlegroup
Selects Bersaglieri Squad
Bersaglieri Squad
Kradschützen Motorcycle Team
250 Light Carrier
Bersaglieri Squad
Construct Light Support Kompanie
Selects Bersaglieri Bolster
Bersaglieri Squad
Panzerjäger Squad
Construct Mechanized Kompanie
Support Armor Elements
Selects Breda Model 30 Light Machine Guns
StuG III D Assault Gun
2.5-tonne Medical Truck
deadsadbadmad
Sahelanthropus
0
0
Comments
sign in to comment!
No comments posted yet!